SCURSCUBA, neutral female scurrid Tourist ------- --.---- ----- ##.*....+ #-@...}| |.... ###.....####....!.| # ..;;}}| |...| #####-[..|####|...*.. ##+.x}}}F |....#######|(..| ------- # ------- .....## ....| # #-.---# ----- # ## ## # ## # ## *# ## # ## # ## # ## # -------.-|-. --.-------- |..........| |.......... ............ ##+.........| |...........#########%###########%##........... ------------ ----------- SCURSCUBA the Rambler Experience level: 1 Strength: 6 Dexterity: 8 Constitution: 13 Intelligence: 13 Wisdom: 9 Charisma: 21 Health: 0(9) Energy: 2(2) Def: 0 Gold: 841 Moves: 236 Dungeon seed: bDRSMBBcGNcVP6-E Game ID: SCURSCUBA_1498716977 Your Inventory: Coins $ - 841 gold pieces Weapons a - 54 uncursed +2 darts (in quiver) Armor e - an uncursed +0 Hawaiian shirt (being worn) Comestibles b - 5 uncursed food rations c - an uncursed tin of kobold meat d - 2 uncursed tins of sewer rat meat f - an uncursed tin of spinach g - an uncursed fortune cookie h - an uncursed cream pie i - an uncursed pear Scrolls l - 3 uncursed scrolls of magic mapping m - a blessed scroll of magic mapping Potions j - an uncursed potion of extra healing k - a blessed potion of extra healing Wands p - an uncursed wand of secret door detection (0:12) C - an uncursed wand of undead turning (0:6) Tools n - an uncursed expensive camera (0:85) o - an uncursed credit card q - an uncursed tin opener Spells and supernatural/magical abilities: Name Level Category Fail Memory W - pray for help -- divine ? -- Your skills at the end: Miscellaneous Skills wands [Basic] Weapon Skills dart [Basic] Spellcasting Skills Final Attributes: You were devoutly aligned. You saw invisible. You had infravision. You were very stealthy. You are dead. Vanquished creatures: a coyote a large kobold a fox a newt a lichen 5 creatures vanquished. Voluntary challenges: You followed a strict vegan diet. You did not adorn yourself with jewelry or accessories. You did not cause conflict. You were not invisible. You did not have reflection. You were not displaced. You were an atheist. You never hit with a wielded weapon. You did not use tools. You did not use sinks. You were illiterate. You never genocided any monsters. You never polymorphed an object. You never changed form. You used no wishes. You never split a pudding. You never wrote Elbereth's name. You never violated your personal moral code. Dungeon overview: The Dungeons of Doom: levels 1 to 9 Level 1 a long staircase Level 2 Level 3 Level 4 Level 5 Level 6 Level 7 Level 8 Level 9 <- You were here History has recorded: On T:1 you entered the Dungeons of Doom to retrieve the Amulet of Yendor! On T:48 you reached level 2 of The Dungeons of Doom. On T:50 you reached level 3 of The Dungeons of Doom. On T:53 you reached level 4 of The Dungeons of Doom. On T:55 you reached level 5 of The Dungeons of Doom. On T:57 you reached level 6 of The Dungeons of Doom. On T:59 you reached level 7 of The Dungeons of Doom. On T:62 you reached level 8 of The Dungeons of Doom. On T:64 you reached level 9 of The Dungeons of Doom. Score breakdown: Gold: 139 ( 13 points) Experience: 1 level ( 0 points) Exploration: 9 levels ( 240 points) Discoveries: 2 items ( 100 points) Variety of kills: 5 monsters ( 250 points) Major goal: (nothing yet) ( 0 points) Survival: died (score multiplied by 3) Total score: 1809 Latest messages: You chew a passage through the rock. You start chewing a hole in the rock. You continue digging. You succeed in cutting away some rock. You start chewing a hole in the rock. You continue digging. You succeed in cutting away some rock. You start chewing a hole in the rock. You continue digging. You succeed in cutting away some rock. $ - 47 gold pieces. You start chewing a hole in the rock. You continue digging. You succeed in cutting away some rock. You start chewing a hole in the rock. You continue digging. You make an opening in the wall. You start chewing a hole in the rock. You continue digging. You make an opening in the wall. The piranha bites! (2x) You die... Final status: Aloha SCURSCUBA the Tourist, killed by a piranha... You died in The Dungeons of Doom on dungeon level 9 with 1809 points, and 841 pieces of gold, after 236 moves. You were level 1 with a maximum of 9 hit points when you died.